 Dungeon Sprint DCSS version 0.27-a0-419-g7a85846853 (webtiles) character file.

Game seed: 10266270808577714337

92 Mitsuki the Sneak (level 4, -7/23 HPs)
             Began as a Spriggan Enchanter on Feb 26, 2021.
             Was an Initiate of Dithmenos.
             Mangled by a draconian
             ... wielding a +0 hand axe
              (9 damage)
             ... in the Dungeon (Sprint V: "Ziggurat Sprint").
             The game lasted 00:05:08 (173 turns).

Mitsuki the Sneak (Spriggan Enchanter)               Turns: 173, Time: 00:05:08

Health: -7/23      AC: 15    Str:  4    XL:     4   Next: 35%
Magic:  11/11      EV:  3    Int: 28    God:    Dithmenos [......]
Gold:   0          SH:  0    Dex: 16    Spells: 11/12 levels left

rFire    . . .     SeeInvis +   c - +5 rapier
rCold    . . .     Faith    .   (shield restricted)
rNeg     . . .     Spirit   .   j - +5 shadow dragon scales
rPois    .         Reflect  .   (helmet restricted)
rElec    .         Harm     .   (no cloak)
rCorr    .         Rampage  .   (gloves unavailable)
Will     .....     NoTele   +   (boots unavailable)
Stlth    ++++......             (no amulet)
HPRegen  0.07/turn              y - +6 ring of intelligence
MPRegen  0.12/turn              z - +6 ring of intelligence

@: very quick
A: very small, unfitting armour, see invisible, speed 3
a: Renounce Religion


You were in the Dungeon.
You worshipped Dithmenos.
Dithmenos was noncommittal.
You visited 1 branch

Inventory:

Hand Weapons
 c - a +5 rapier (weapon)
 x - the +3 short sword of Doors {speed, rElec rPois rC+ Int-5}
   (You found it in the Dungeon)

   Attacks with this weapon are significantly faster.
   It affects your intelligence (-5).
   It protects you from cold.
   It insulates you from electricity.
   It protects you from poison.
Armour
 j - +5 shadow dragon scales (worn)
Magical Staves
 b - a staff of death
Jewellery
 a - a ring of flight
 y - a +6 ring of intelligence (left hand)
 z - a +6 ring of intelligence (right hand)
Wands
 u - a wand of mindburst (7)
 v - a wand of iceblast (7)
 w - a wand of acid (7)
Scrolls
 i - 4 scrolls of blinking
 k - 4 scrolls of amnesia
 l - 7 scrolls of fog
 m - a scroll of holy word
 n - 5 scrolls of identify
 o - 2 scrolls of fear
Potions
 d - 10 potions of curing
 e - 8 potions of heal wounds
 f - 6 potions of haste
 g - 7 potions of magic
 h - 3 potions of berserk rage
 p - 2 potions of brilliance
 q - 2 potions of invisibility
 r - 4 potions of resistance
 s - a potion of experience
 t - 5 potions of might


   Skills:
 + Level 2.3 Fighting
 + Level 3.5 Short Blades
 + Level 2.1 Armour
 + Level 5.0 Dodging
 + Level 6.7 Stealth
 + Level 4.7 Spellcasting
 + Level 5.2 Hexes


You had 11 spell levels left.
You knew the following spells:

 Your Spells              Type           Power        Failure   Level
a - Corona                Hex            40%          100%        1

Your spell library contained the following spells:

 Spells                   Type           Power        Failure   Level
 Ensorcelled Hibernation  Hex/Ice        42%          100%        2
 Confusing Touch          Hex            36%          100%        3
 Dazzling Flash           Conj/Hex       42%          100%        3
 Tukima's Dance           Hex            36%          100%        3


Dungeon Overview and Level Annotations

Branches:
Dungeon (1/1)

Altars:
Ashenzari
Cheibriados
Dithmenos
Elyvilon
Fedhas
Gozag
Hepliaklqana
Kikubaaqudgha
Makhleb
Nemelex Xobeh
Okawaru
Qazlal
Ru
Sif Muna
Trog
Uskayaw
Vehumet
Wu Jian
Xom
Yredelemnul
Zin
The Shining One
Beogh
Jiyva
Lugonu

Annotations:
D 1 transporter


Innate Abilities, Weirdness & Mutations

You are very small and have problems with some larger weapons.
You are too small for most types of armour.
You have supernaturally acute eyesight. (SInv)
You cover ground extremely quickly.


Message History

Found three items.
Found a transporter.
The draconian roars! x3
You hit the draconian but do no damage.
The draconian hits you but does no damage.
The draconian barely misses you.
The draconian hits you but does no damage.
You closely miss the draconian. The draconian barely misses you.
The draconian hits you with a +0 hand axe!
The draconian hits you with a +0 club.
You take 12 damage, and have 11/23 hp.
MASSIVE DAMAGE!!
You closely miss the draconian.
The draconian hits you but does no damage. x2
The draconian hits you with a +0 club.
You take 4 damage, and have 7/23 hp.
You puncture the draconian!
The draconian is lightly wounded.
The draconian hits you but does no damage. x3
You barely miss the draconian.
The draconian is lightly wounded.
The draconian hits you but does no damage. x3
You hit the draconian but do no damage.
The draconian is lightly wounded.
The draconian hits you but does no damage.
You puncture the draconian!
The draconian is moderately wounded.
The draconian hits you but does no damage.
The draconian hits you with a +0 hand axe.
* * * LOW HITPOINT WARNING * * *
The draconian hits you but does no damage.
You take 2 damage, and have 5/23 hp.
Your shadow dragon scales prevents you from hitting the draconian.
The draconian is moderately wounded.
The draconian hits you but does no damage.
The draconian hits you with a +0 club.
* * * LOW HITPOINT WARNING * * *
You take 3 damage, and have 2/23 hp.
Your shadow dragon scales prevents you from hitting the draconian.
The draconian is moderately wounded.
The draconian hits you with a +0 hand axe!
You die...

▓▓▓▓▓▓▓▓▓▓▓▓▓
▓.8©8.▓.8©8.▓
▓.):}.▓.....▓
▓.ddd.▓.†...▓
▓..@..▓.....▓
▓.....▓.....▓
▓.....▓..©..▓
▓..©..▓▓▓▓▓▓▓
▓▓▓▓▓▓▓


You could see 3 draconians.

Vanquished Creatures
  A bullfrog (D)
  An iguana (D)
2 creatures vanquished.

Notes
Turn   | Place    | Note
-------+----------+-------------------------------------------
     0 | D        | Mitsuki the Spriggan Enchanter began the quest for the Orb.
     0 | D        | Reached XP level 1. HP: 9/9 MP: 5/5
     0 | D        | Found a blossoming altar of Fedhas.
     1 | D        | Found the +6 Majin-Bo {vamp, MP+6 Int+6}
     1 | D        | Found the +9 heavy crossbow "Sniper" {vorpal, Acc+∞ SInv}
     1 | D        | Found the +10 dark maul {vorpal}
     1 | D        | Found the +15 Maxwell's patent armour {-Cast -Tele rElec
                  | Will+ rCorr}
     1 | D        | Found the +18 shield of the Gong {rElec rN+ Will+ EV-5}
     1 | D        | Found the +14 obsidian axe {vorpal, *Drain +Fly SInv}
     1 | D        | Found the +7 great mace "Firestarter" {inner flame, rF++}
     1 | D        | Found the +6 shillelagh "Devastator" {shatter}
     1 | D        | Found the +11 plutonium sword {*Contam Stlth-}
     1 | D        | Found the +8 lance "Wyrmbane" {slay drac, rPois rF+ rC+
                  | AC+3}
     1 | D        | Found the +9 sword of Zonguldrok {reap}
     1 | D        | Found the +13 scythe of Curses {drain, *Drain}
     1 | D        | Found the +5 sword of Power {vorpal}
     1 | D        | Found the +7 mace of Variability {chain chaos}
     1 | D        | Found the +7 Singing Sword {vorpal, sonic wave}
     1 | D        | Found the +8 storm bow {elec, penet}
     1 | D        | Found a transporter.
     1 | D        | Found a viscous altar of Jiyva.
     1 | D        | Found an ancient bone altar of Kikubaaqudgha.
     1 | D        | Found a hazy altar of Hepliaklqana.
     1 | D        | Found a corrupted altar of Lugonu.
     1 | D        | Found an opulent altar of Gozag.
     1 | D        | Found a burning altar of Makhleb.
     4 | D        | Found a stormy altar of Qazlal.
     4 | D        | Found an iron altar of Okawaru.
     4 | D        | Found a sacrificial altar of Ru.
     4 | D        | Found a sparkling altar of Nemelex Xobeh.
     4 | D        | Found a shimmering blue altar of Sif Muna.
     4 | D        | Found a bloodstained altar of Trog.
    48 | D        | Became a worshipper of Dithmenos the Shadowed
    80 | D        | Entered arena 2.
    80 | D        | Noticed an iguana
    80 | D        | Noticed a bullfrog
    80 | D        | Found a transporter.
    84 | D        | Killed a bullfrog
    85 | D        | Reached skill level 1 in Armour
    85 | D        | Reached skill level 6 in Stealth
    85 | D        | Reached skill level 5 in Hexes
    85 | D        | Reached XP level 2. HP: 15/15 MP: 6/8
    85 | D        | Reached XP level 3. HP: 18/18 MP: 6/9
   101 | D        | Reached skill level 5 in Dodging
   101 | D        | Reached XP level 4. HP: 19/23 MP: 7/11
   109 | D        | Got the +3 short sword of Doors {speed, rElec rPois rC+
                  | Int-5}
   161 | D        | Entered arena 3.
   161 | D        | Noticed a draconian
   161 | D        | Noticed a draconian
   161 | D        | Noticed a draconian
   161 | D        | Found a transporter.
   173 | D        | Mangled by a draconian

Illustrated notes

Levels and vault maps discovered:
D:        sprint_v [room_start, room_1, room_2, room_3, room_4, room_5, room_6,
          room_7, room_8, room_9, room_10, room_11, room_12, room_13, room_14,
          room_15, room_16, room_17, room_18, room_19, room_20, room_21,
          room_22, room_23, room_24, room_25, room_26, room_27]

Skill      XL: |  1  2  3 |
---------------+----------+-----
Fighting       | 2 |  2.3
Short Blades   | 3 |  3.5
Armour         | 1 2 |  2.1
Dodging        | 4 5 |  5.0
Stealth        | 6 |  6.7
Spellcasting   | 4 |  4.7
Hexes          | 5 |  5.2

Action                   |  1- 3 |  4- 6 || total
-------------------------+-------+-------++-------
Melee: Rapier            |    15 |     9 ||    24
  Use: Potion            |     2 |       ||     2
 Stab: Sleeping          |     1 |       ||     1
Armor: Shadow dragon sca |     8 |    13 ||    21
Dodge: Dodged            |       |     2 ||     2

Table legend: (Time is in decaauts)
 A = Elapsed time spent in this place.
 B = Non-inter-level travel time spent in this place.
 C = Inter-level travel time spent in this place.
 D = Time resting spent in this place.
 E = Time spent auto-exploring this place.
 F = Levels seen in this place.
 G = Mean time per level.
                   A        B        C        D        E       F      G
               +--------+--------+--------+--------+--------+-----+--------+
         Total |    146 |    146 |      0 |     49 |      0 |   1 |  146.0 |
       Dungeon |    146 |    146 |      0 |     49 |      0 |   1 |  146.0 |
               +--------+--------+--------+--------+--------+-----+--------+

Top non-repeatable levels by time:
       D: 146 daAuts
